 Dungeon Crawl Stone Soup version 0.23.1-37-gaa34b87 (webtiles) character file.

Game seed: 10868084494243406265

346 Borgoz the Skirmisher (level 6, -2/53 HPs)
             Began as a Ghoul Monk on Mar 22, 2019.
             Slain by Grinder (4 damage)
             ... in a sewer.
             The game lasted 00:08:37 (2541 turns).

Borgoz the Skirmisher (Ghoul Monk)                  Turns: 2541, Time: 00:08:37

Health: -2/53      AC:  4    Str: 15    XL:     6   Next: 59%
Magic:  5/5        EV: 13    Int: 12    God:
Gold:   111        SH:  0    Dex: 11    Spells: 5/5 levels left

rFire    . . .     SeeInvis .     - Unarmed
rCold    + . .     Gourm    .   (no shield)
rNeg     + + +     Faith    .   l - +0 leather armour
rPois    ∞         Spirit   .   g - +0 helmet
rElec    .         Reflect  .   (no cloak)
rCorr    .         Harm     .   (no gloves)
MR       .....                  (no boots)
Stlth    ++........             (no amulet)
HPRegen  0.00/turn              (no ring)
MPRegen  0.09/turn              (no ring)

@: brilliant, rotting
A: rotting body, claws 1, carnivore, cold resistance 1, negative energy
resistance 3, inhibited regeneration, torment resistance, unbreathing
a: no special abilities


You were in a sewer.
You were not hungry.

You visited 1 branch of the dungeon, and saw 3 of its levels.
You also visited: Sewer.

You collected 111 gold pieces.

Inventory:

Hand Weapons
 a - a +0 dagger
 n - a +0 blowgun
Missiles
 o - 3 curare-tipped needles
Armour
 g - a +0 helmet (worn)
 h - a +0 pair of gloves
 l - a +0 leather armour (worn)
Wands
 d - a wand of random effects (9)
Scrolls
 e - a scroll of fog {unknown}
 i - 2 scrolls of identify {unknown}
 j - a scroll of teleportation {unknown}
 k - a scroll of enchant armour {unknown}
Comestibles
 b - 4 rations


   Skills:
 + Level 4.4 Fighting
 * Level 2.8 Short Blades
 * Level 3.2 Armour
 + Level 3.7 Dodging
 - Level 2.1 Stealth
 - Level 3.2 Unarmed Combat


You had 5 spell levels left.
You didn't know any spells.
Your spell library was empty.

Dungeon Overview and Level Annotations

Branches:
Dungeon (3/15)

Altars:
Kikubaaqudgha
Ru
Zin

Annotations:
D:2 1 runed translucent door, Crazy Yiuf Sewer Grinder


Innate Abilities, Weirdness & Mutations

Your body is rotting away.
You thrive on raw meat.
You are immune to poison.
You have sharp fingernails.
You are carnivorous and can eat meat at any time.
Your flesh is cold resistant. (rC+)
You are immune to negative energy. (rN+++)
You do not regenerate when monsters are visible.
You are immune to unholy pain and torment.
You can survive without breathing.


Message History

* * * LOW HITPOINT WARNING * * *
You scratch Grinder.
Grinder is moderately wounded.
Grinder gestures at you.
You suddenly lose the ability to move!
Grinder hits you!
* * * LOW HITPOINT WARNING * * *
Grinder barely misses you.
You can move again.
You closely miss Grinder.
Grinder is moderately wounded.
Grinder hits you but does no damage.
You claw Grinder!
Grinder is heavily wounded.
Grinder gestures at you. You resist with significant effort.
You scratch Grinder but do no damage.
Grinder is heavily wounded.
Grinder hits you.
You die...

#≈≈.#.≈≈≈≈≈≈ #≈≈.#.≈≈≈≈≈≈
##+++###≈(.#..≈≈≈≈≈
########.....##≈)(#...≈≈≈≈
≈≈≈≈≈≈#...⌠..###.####.#≈##
......'.⌠...÷.#...#≈≈.....
......'..._.⌠('(..≈≈≈≈....
......'.5)....#..(#≈≈.....
≈≈≈≈#..@⌠..###)####.###≈ #
##.....##≈).#...≈≈≈≈
##'''###≈.÷#..≈≈≈≈≈
#≈...≈##≈≈(#.≈≈≈≈≈≈
#≈...≈##≈≈.#.≈≈≈≈≈≈
#≈...≈##≈≈.#.≈≈≈≈≈≈
#≈...≈##≈..).≈≈≈≈≈≈
#≈...≈#############
#≈...≈#


You could see Grinder.

Vanquished Creatures
  A necrophage (Sewer)
  A big kobold (Sewer)
  3 big kobold zombies (Sewer)
  Robin (D:2)
  An adder (D:2)
  An ufetubus (Sewer)
  3 oozes
  A worm (D:3)
  2 dart slugs (D:2)
  2 leopard geckos (D:1)
  An orc (D:3)
  4 bats
  5 giant cockroaches
  12 goblins
  9 hobgoblins
  3 jackals (D:3)
  19 kobolds
  3 ball pythons (Sewer)
  8 frilled lizards
  2 kobold zombies (Sewer)
  9 rats
91 creatures vanquished.

Notes
Turn   | Place    | Note
-------+----------+-------------------------------------------
     0 | D:1      | Borgoz the Ghoul Monk began the quest for the Orb.
     0 | D:1      | Reached XP level 1. HP: 19/19 MP: 0/0
    35 | D:1      | Reached XP level 2. HP: 13/26 MP: 1/1
    71 | D:1      | Reached skill level 1 in Armour
   328 | D:1      | Reached XP level 3. HP: 29/31 MP: 2/2
   995 | D:2      | Reached skill level 1 in Short Blades
  1127 | D:2      | Reached XP level 4. HP: 34/39 MP: 3/3
  1339 | D:2      | Found a runed translucent door.
  1340 | D:2      | Noticed Crazy Yiuf
  1426 | D:2      | Found a sacrificial altar of Ru.
  1436 | D:2      | Noticed Robin
  1503 | D:2      | Killed Robin
  1570 | D:2      | Found a glowing silver altar of Zin.
  1574 | D:2      | Found an ancient bone altar of Kikubaaqudgha.
  1818 | D:3      | Found a glowing drain.
  1847 | Sewer    | Entered a sewer
  1934 | Sewer    | HP: 2/40 [big kobold zombie (5)]
  1956 | Sewer    | Reached skill level 4 in Fighting
  1956 | Sewer    | Reached XP level 5. HP: 16/46 MP: 4/4
  2186 | Sewer    | Found an ancient bone altar of Kikubaaqudgha.
  2186 | Sewer    | Noticed a big kobold
  2239 | Sewer    | Killed a big kobold
  2239 | Sewer    | Reached XP level 6. HP: 11/51 MP: 5/5
  2276 | Sewer    | Noticed a necrophage
  2304 | Sewer    | Killed a necrophage
  2458 | Sewer    | Noticed Grinder
  2471 | Sewer    | Paralysed by Grinder for 7 turns
  2486 | Sewer    | Paralysed by Grinder for 2 turns
  2508 | Sewer    | Paralysed by Grinder for 7 turns
  2536 | Sewer    | Paralysed by Grinder for 2 turns
  2537 | Sewer    | HP: 2/53 [Grinder (8)]
  2541 | Sewer    | Slain by Grinder

Skill      XL: |  1  2  3  4  5  6 |
---------------+-------------------+-----
Armour         | 1 2 3 |  3.2
Dodging        | 3 |  3.7
Short Blades   | 1 2 |  2.8
Fighting       | 4 |  4.4
Stealth        | |  2.1
Unarmed Combat | |  3.2

Action                   |  1- 3 |  4- 6 || total
-------------------------+-------+-------++-------
Melee: Unarmed           |   114 |   276 ||   390
       Punch             |     2 |     1 ||     3
  Use: Potion            |       |     9 ||     9
 Stab: Sleeping          |     4 |     1 ||     5
  Eat: Chunk             |     8 |    31 ||    39
Armor: Robe              |     9 |       ||     9
       Leather armour    |     2 |   133 ||   135
Dodge: Dodged            |    58 |   267 ||   325
